 Dungeon Crawl Stone Soup version 0.25-a0-589-g1e14c549ee (webtiles) character file.

Game seed: 693016703397336764, levelgen mode: deterministic

170 Gargoyl the Skirmisher (level 5, -2/46 HPs)
             Began as a Centaur Abyssal Knight on Mar 11, 2020.
             Was a Believer of Lugonu.
             Slain by an orc (3 damage)
             ... on level 3 of the Dungeon.
             The game lasted 00:05:23 (2777 turns).

Gargoyl the Skirmisher (Centaur Abyssal Knight)     Turns: 2777, Time: 00:05:24

Health: -2/46      AC: 11    Str: 14    XL:     5   Next: 26%
Magic:  7/7        EV:  4    Int: 11    God:    Lugonu [**....]
Gold:   164        SH:  0    Dex: 12    Spells: 4/4 levels left

rFire    . . .     SeeInvis .   a - +2 hand axe
rCold    . . .     Gourm    .   (no shield)
rNeg     . . .     Faith    .   f - +0 chain mail
rPois    .         Spirit   .   (no helmet)
rElec    .         Reflect  .   (no cloak)
rCorr    .         Harm     .   (no gloves)
MR       .....                  (no barding)
Stlth    ..........             b - amulet of the acrobat
HPRegen  0.15/turn              j - +2 ring of dexterity
MPRegen  0.10/turn              e - +4 ring of protection

@: very quick
A: large, hooves 3, deformed body, speed 2, tough skin 3
a: Depart the Abyss, Bend Space, Renounce Religion


You were on level 3 of the Dungeon.
You worshipped Lugonu.
Lugonu was pleased with you.
You were not hungry.

You visited 1 branch of the dungeon, and saw 3 of its levels.
You visited the Abyss 1 time.

You collected 164 gold pieces.

Inventory:

Hand Weapons
 a - a +2 hand axe (weapon)
Armour
 f - a +0 chain mail (worn)
Jewellery
 b - an amulet of the acrobat (around neck)
 e - a +4 ring of protection (right hand)
 j - a +2 ring of dexterity (left hand)
Scrolls
 k - a scroll of remove curse
 m - 2 scrolls of identify
 n - a scroll of blinking
Potions
 d - a potion of might
 h - a potion of magic {unknown}
 i - a potion of mutation {unknown}
Comestibles
 c - 8 rations
 l - 4 chunks of flesh


   Skills:
 + Level 3.7 Fighting
 + Level 3.0 Axes
 * Level 2.3 Armour
 * Level 1.5 Dodging
 * Level 2.8 Invocations


You had 4 spell levels left.
You didn't know any spells.
Your spell library contained the following spells:

 Spells                   Type           Power        Failure   Level  Hunger
 Animate Skeleton         Necr           N/A          100%        1    ##.....
 Apportation              Tloc           #.....       100%        1    ##.....
 Corona                   Hex            #......      100%        1    ##.....
 Summon Small Mammal      Summ           #...         100%        1    ##.....


Dungeon Overview and Level Annotations

Branches:
Dungeon (3/15)

Altars:
Ashenzari
Cheibriados
Elyvilon
Gozag
Qazlal
Vehumet
Xom
Zin
The Shining One


Innate Abilities, Weirdness & Mutations

You have hooves in place of feet.
Armour fits poorly on your strangely shaped body.
You cover ground very quickly.
You have extremely tough skin. (AC +3)


Message History

The orc priest is almost dead.
You hit the orc. The orc hits you.
The orc priest mumbles some strange prayers to Beogh against you.
Beogh smites you!
* * * LOW HITPOINT WARNING * * *
Unknown command.
You feel better. The orc hits you. The orc priest closely misses you.
You closely miss the orc priest. Your kick misses the orc priest.
The orc priest is almost dead.
Your chain mail prevents you from hitting the orc.
The orc hits you but does no damage.
The orc priest calls down the wrath of Beogh upon you.
Beogh smites you!
* * * LOW HITPOINT WARNING * * *
You barely miss the orc priest. You kick the orc priest.
You kill the orc priest!
Lugonu accepts your kill.
Your Axes skill increases to level 3!
You hit the orc. The orc hits you.
You die...

#.....# #.)...#
#.....# #.....#
#.)...###########
#..÷..?..........
#..÷.............
####.....[o......
#.....@)=.....
#......[......
#.............
#............^
...............
#...............
#...############
...


You could see an orc.

Vanquished Creatures
  An orc priest (D:3)
  A worker ant (D:2)
  5 adders
  A worm (D:2)
  4 dart slugs
  2 leopard geckos (D:2)
  3 orcs (D:3)
  4 bats (D:2)
  A giant cockroach (D:2)
  5 goblins
  8 hobgoblins
  7 kobolds
  2 quokkas
  5 frilled lizards
  10 rats
  A fungus (D:2)
60 creatures vanquished.

Vanquished Creatures (others)
  4 toadstools (D:2)
4 creatures vanquished.

Grand Total: 64 creatures vanquished

Notes
Turn   | Place    | Note
-------+----------+-------------------------------------------
     0 | Abyss:1  | Gargoyl the Centaur Abyssal Knight began the quest for the
                  | Orb.
     0 | Abyss:1  | Reached XP level 1. HP: 19/19 MP: 2/2
    22 | Abyss:1  | Found a corrupted altar of Lugonu.
    89 | Abyss:2  | Noticed a small abomination
   139 | Abyss:2  | Noticed a red very ugly thing
   141 | Abyss:2  | Noticed an orange demon
   153 | Abyss:2  | Noticed an apocalypse crab
   153 | Abyss:2  | Noticed a spatial maelstrom
   156 | D:1      | Escaped the Abyss
   318 | D:1      | Reached XP level 2. HP: 15/26 MP: 3/3
   386 | D:1      | Reached * piety under Lugonu
   866 | D:2      | Reached skill level 1 in Dodging
   928 | D:2      | Reached XP level 3. HP: 24/31 MP: 4/4
  1139 | D:2      | Reached XP level 4. HP: 11/38 MP: 5/5
  1919 | D:2      | Found a stormy altar of Qazlal.
  1919 | D:2      | Found an opulent altar of Gozag.
  1920 | D:2      | Found a radiant altar of Vehumet.
  1922 | D:2      | Found a snail-covered altar of Cheibriados.
  1923 | D:2      | Found a shattered altar of Ashenzari.
  1924 | D:2      | Found a shimmering altar of Xom.
  2653 | D:3      | Reached ** piety under Lugonu
  2689 | D:3      | Found a glowing golden altar of the Shining One.
  2689 | D:3      | Found a white marble altar of Elyvilon.
  2689 | D:3      | Found a glowing silver altar of Zin.
  2771 | D:3      | Reached XP level 5. HP: 22/45 MP: 7/7
  2776 | D:3      | HP: 1/45 [orc priest/divine providence (16)]
  2777 | D:3      | Slain by an orc

Levels and vault maps discovered:
D:1:      psy_arrival_dodecagon, layout_basic
D:2:      minmay_chambers_of_ones, layout_basic, minitemple,
          minmay_gold_behind_fungi, hangedman_decor_push, supply_closet_lemuel
D:3:      layout_basic, good_gods_mini_temple, gammafunk_temple_overflow_wave,
          first_ration, portal_sewer_entry_f

Skill      XL: |  1  2  3  4  5 |
---------------+----------------+-----
Dodging        | 1 |  1.5
Axes           | 2 3 |  3.0
Armour         | 2 |  2.3
Fighting       | |  3.7
Invocations    | |  2.8

Action                   |  1- 3 |  4- 6 || total
-------------------------+-------+-------++-------
Melee: Hand axe          |    68 |    97 ||   165
       Kick              |    10 |    21 ||    31
Invok: Depart the Abyss  |     1 |       ||     1
  Use: Potion            |     3 |     1 ||     4
       Scroll            |     3 |     2 ||     5
  Eat: Chunk             |       |     4 ||     4
Armor: Chain mail        |    37 |    74 ||   111
Dodge: Dodged            |     9 |    21 ||    30

Table legend:
 A = Non-vault XP
 B = Vault XP
 C = Vault XP percentage of total XP
 D = Non-vault monster count
 E = Vault monster count
 F = Vault count percentage of total count
                 A         B        C        D         E       F
            +---------+---------+-------+---------+---------+-------
      Total |     226 |      18 |   7.4 |      54 |       5 |   8.5
            +---------+---------+-------+---------+---------+-------
        D:1 |      24 |       0 |   0.0 |      12 |       0 |   0.0
        D:2 |     124 |      18 |  12.7 |      29 |       5 |  14.7
        D:3 |      78 |       0 |   0.0 |      13 |       0 |   0.0
            +---------+---------+-------+---------+---------+-------
